 Dungeon Crawl Stone Soup version 0.22-a0-38-gc6ec8ce517 (webtiles) character file.

30 Manul the Skirmisher (level 3, -5/31 HPs)
             Began as a Draconian Monk on Jan 4, 2018.
             Slain by a worker ant (7 damage)
             ... on level 2 of the Dungeon.
             The game lasted 00:01:19 (1438 turns).

Manul the Skirmisher (Draconian Monk)               Turns: 1438, Time: 00:01:19

Health: -5/31      AC:  6    Str: 13    XL:     3   Next: 5%
Magic:  3/3        EV: 13    Int: 15    God:
Gold:   21         SH:  0    Dex: 14    Spells: 2/2 levels left

rFire    + . .     SeeInvis .   a - +0 spear
rCold    + . .     Gourm    .   (no shield)
rNeg     . . .     Faith    .   (armour unavailable)
rPois    +         Spirit   .   (helmet restricted)
rElec    +         Reflect  .   (no cloak)
rCorr    +         Harm     .   g - +0 pair of gloves
MR       .....                  (no boots)
Stlth    ++........             (no amulet)
HPRegen  0.10/turn              (no ring)
MPRegen  0.08/turn              (no ring)

@: brilliant, lethally poisoned (-5 -> -8), resistant, flying
A: unfitting armour, cold-blooded, AC +5
a: no special abilities


You were on level 2 of the Dungeon.
You were not hungry.

You visited 1 branch of the dungeon, and saw 2 of its levels.

You collected 21 gold pieces.

Inventory:

Hand Weapons
 a - a +0 spear (weapon)
Armour
 g - a +0 pair of gloves (worn)
Scrolls
 e - a scroll of fear {unknown}
 f - a scroll of blinking {unknown}
 h - a scroll of teleportation {unknown}
 i - 2 scrolls of remove curse {unknown}
Comestibles
 b - 2 rations
 c - 3 chunks of flesh


   Skills:
 + Level 3.6 Fighting
 + Level 3.5 Polearms
 + Level 3.0 Dodging
 + Level 2.1 Stealth


You had 2 spell levels left.
You didn't know any spells.

Dungeon Overview and Level Annotations

Branches:
Dungeon (2/15)

Altars:
Nemelex Xobeh


Innate Abilities, Weirdness & Mutations

Your plain brown scales are hard. (AC +5)
You cannot fit into any form of body armour.
You are cold-blooded and may be slowed by cold attacks.


Message History

The worker ant is severely wounded.
The worker ant bites you but does no damage.
You hit the worker ant but do no damage.
The worker ant is severely wounded.
The worker ant closely misses you.
You barely miss the worker ant.
The worker ant is severely wounded.
You feel sick. The worker ant bites you.
* * * LOW HITPOINT WARNING * * *
You closely miss the worker ant.
The worker ant is severely wounded.
The worker ant bites you but does no damage.
You barely miss the worker ant.
Your tail-slap misses the worker ant.
The worker ant is severely wounded.
The worker ant closely misses you.
Unknown command.
You closely miss the worker ant.
Your tail-slap misses the worker ant.
The worker ant is severely wounded.
The worker ant bites you!
You die...

..#..........#
#.#.#.#..>.....h..
###+#.#.#.#.#.........
#.....#.#.#.......####
#.....#.#.#.......#
#$.(..#.# #.......#
#.....#.# #.......#
#....a#.#.#....#######
#....@#.#.#.#.........
#.........#.#...######
###+###.#####...#<÷...
#.....÷.......######
#####.######..# #.#
#..#
#####################
#..#
#...................#
#..#
#..#...#...#...#...###
#..#


You could see a worker ant.

Vanquished Creatures
  An adder (D:2)
  A worm (D:2)
  A leopard gecko (D:1)
  A bat (D:1)
  A giant cockroach (D:1)
  A hobgoblin (D:2)
  4 jackals
  4 frilled lizards
  2 kobolds (D:1)
  2 rats (D:2)
18 creatures vanquished.

Notes
Turn   | Place    | Note
-------+----------+-------------------------------------------
     0 | D:1      | Manul the Draconian Monk began the quest for the Orb.
     0 | D:1      | Reached XP level 1. HP: 19/19 MP: 1/1
   242 | D:1      | Reached XP level 2. HP: 25/26 MP: 2/2
   707 | D:2      | Found a sparkling altar of Nemelex Xobeh.
  1276 | D:2      | Reached XP level 3. HP: 21/31 MP: 3/3
  1435 | D:2      | HP: 1/31 [worker ant (5)]
  1438 | D:2      | Slain by a worker ant

Vault maps used:
D:1:      eino_arrival_cavern_e, corexii_corridor_pit, minivault_27
D:2:      lemuel_coloured_pillars_altar, first_ration, minmay_heptomino_d4

Skill      XL: |  1  2 |
---------------+-------+-----
Stealth        | 2 |  2.1
Dodging        | 3 |  3.0
Fighting       | |  3.6
Polearms       | |  3.5

Action                   || total
-------------------------++-------
Melee: Spear             ||   105
       Tailslap          ||    10
  Use: Potion            ||     3
 Stab: Sleeping          ||     3
  Eat: Chunk             ||     2
Armor: Skin              ||    23
Dodge: Dodged            ||    71

Table legend:
 A = Spawn XP
 B = Non-spawn XP
 C = Spawn XP percentage of total XP
 D = Spawn monster count
 E = Non-spawn monster count
 F = Spawn count percentage of total count
 G = Total turns spent on level
                    A         B        C        D         E        F      G
               +---------+---------+-------+---------+---------+-------+---------
         Total |       0 |      44 |   0.0 |       0 |      18 |   0.0 |  1438
               +---------+---------+-------+---------+---------+-------+---------
           D:1 |       0 |      15 |   0.0 |       0 |       9 |   0.0 |   860
           D:2 |       0 |      29 |   0.0 |       0 |       9 |   0.0 |   578
               +---------+---------+-------+---------+---------+-------+---------
